 Dungeon Sprint DCSS version 0.31-a0-845-g9abc20d24f (webtiles) character file.

Game seed: 18153690362000884589

161 Heoruswealwe the Ruffian (level 4, -27/41 HPs)
             Began as a Demigod Shapeshifter on Oct 2, 2023.
             Annihilated by a shadow (30 damage)
             ... in the Dungeon (Sprint IX: "|||||||||||||||||||||||||||||").
             The game lasted 00:03:19 (127 turns).

Heoruswealwe the Ruffian (Demigod Shapeshifter)      Turns: 127, Time: 00:03:22

Health: -27/41     AC:  4    Str: 19    XL:     4   Next: 98%
Magic:  6/6        EV: 13    Int: 12    God:
Gold:   0          SH:  0    Dex: 13    Spells: 3/3 levels left

rFire   . .          .
                       - Unarmed
rCold   . . .        (no shield)
rNeg    . . .        a - +0 animal skin
rPois   .            (helmet currently unavailable)
rElec   .            (cloak currently unavailable)
rCorr   .            (gloves currently unavailable)
SInv    .            (boots currently unavailable)
Will    .....        (no amulet)
Stlth   +            k - +2 ring of protection
HPRegen 0.26/turn    (no ring)
MPRegen 0.10/turn

%: no teleportation
@: beast-form, slowed, very slow
A: beast (slay +2), high MP 1, forlorn, divine attributes
a: Begin Untransformation


You were in the Dungeon.
You were a hulking beast.
You visited 1 branch

Inventory:

Armour
 a - a +0 animal skin (worn)
 h - a +0 cloak
Jewellery
 k - a +2 ring of protection (left hand)
Talismans
 c - a beast talisman (active)
 d - a flux talisman
Wands
 m - a wand of iceblast (10)
Scrolls
 j - 2 scrolls of blinking
Potions
 b - a potion of invisibility
 e - a potion of curing
 f - a potion of heal wounds
 g - a potion of haste
 i - a potion of berserk rage
 l - 4 potions of magic


   Skills:
 + Level 4.7 Fighting
 + Level 5.0 Dodging
 + Level 5.5 Unarmed Combat
 + Level 5.1 Shapeshifting


You had 3 spell levels left.
You didn't know any spells.
Your spell library was empty.

Dungeon Overview and Level Annotations

Branches:
Dungeon (1/1)


Innate Abilities, Weirdness & Mutations

You are a hulking beast.
Your limbs bulge with bestial killing power. (Slay +2)
You have an increased reservoir of magic. (+10% MP)
You shall have no god before yourself.
Your divine heritage dramatically boosts your attributes as you level up.


Message History

The hornet stings you.
You shrug off the repeated paralysis!
The hornet stings you.
You feel as though you will be slow longer.
You can move again.
You feel much better. The hornet barely misses you.
The orc priest mumbles some strange prayers to Beogh against you.
Beogh smites you! The hornet stings you.
You are poisoned.
You feel as though you will be slow longer.
You feel better. The hornet stings you.
You are poisoned.
You feel as though you will be slow longer.
The hornet barely misses you.
The orc priest looks satisfied for a moment.
The hornet completely misses you.
You feel better. The hornet closely misses you. x2
You punch the hornet! You punch the hornet.
The hornet is almost dead.
The hornet stings you.
You are poisoned.
You feel as though you will be slow longer.
The orc priest calls down the wrath of Beogh upon you.
Beogh smites you! The hornet completely misses you.
You feel better. The hornet stings you!
You feel as though you will be slow longer.
The hornet stings you!
* * * LOW HITPOINT WARNING * * *
You feel as though you will be slow longer.
You feel much better. The hornet stings you.
You feel as though you will be slow longer.
The hornet stings you!
You feel as though you will be slow longer.
You hit the hornet.
You kill the hornet!
The centaur wields a +0 orcbow.
The centaur shoots an arrow.
The arrow hits you!
* * * LOW HITPOINT WARNING * * *
The shadow strikes at you from the darkness!
Ouch! That really hurt!
You die...

▓.▓
▓?▓
▓)▓
▓.▓
▓=▓
▓[▓
▓[▓
▓.▓
▓h▓
▓'▓
▓.▓
▓c▓
▓{▓
▓D▓
▓o▓
▓.▓


You could see an acid dragon, a centaur and an orc priest.

Vanquished Creatures
  A hornet (D)
  A black bear (D)
  A hound (D)
  A jelly (D)
  An adder (D)
  An orc (D)
  2 bats (D)
  2 quokkas (D)
  A rat (D)
11 creatures vanquished.

Notes
Turn   | Place    | Note
-------+----------+-------------------------------------------
     0 | D        | Heoruswealwe the Demigod Shapeshifter began the quest for
                  | the Orb.
     0 | D        | Reached XP level 1. HP: 15/15 MP: 3/3
     6 | D        | Reached skill level 1 in Fighting
    24 | D        | Noticed a jelly
    24 | D        | Noticed a hound
    24 | D        | Noticed a black bear
    31 | D        | Reached XP level 2. HP: 24/24 MP: 4/4
    35 | D        | Reached XP level 3. HP: 31/31 MP: 5/5
    45 | D        | Killed a black bear
    46 | D        | Reached skill level 5 in Dodging
    46 | D        | Reached skill level 5 in Unarmed Combat
    46 | D        | Reached skill level 5 in Shapeshifting
    46 | D        | Reached XP level 4. HP: 41/41 MP: 6/6
   113 | D        | Noticed a hornet
   113 | D        | Noticed a shadow
   113 | D        | Noticed a centaur
   113 | D        | Noticed an acid dragon
   119 | D        | Paralysed by a hornet for 2 turns
   127 | D        | Killed a hornet
   127 | D        | Annihilated by a shadow

Illustrated notes

Levels and vault maps discovered:
D:        linesprint [early_d, line_temple, items_1, d_10, items_2, lair_1,
          lair_end, items_3, orc_1, orc_end, items_4, d_15, swamp_1, shoals_1,
          snake_1, spider_1, d_20, vaults_1, items_5, swamp_end, shoals_end,
          snake_end, spider_end, vaults_end, d_27, items_6, zot_1, zot_end,
          crypt_end, forest_end, elf_end, slime_end, tomb_end, abyss_end,
          pan_hell_end]

Skill      XL: |  1  2  3 |
---------------+----------+-----
Fighting       | 2 3 4 |  4.7
Dodging        | 2 3 5 |  5.0
Unarmed Combat | 3 4 5 |  5.5
Shapeshifting  | 3 5 |  5.1

Action                     |  1- 3 |  4- 6 || total
---------------------------+-------+-------++-------
  Melee: Unarmed           |    33 |     9 ||    42
         Punch             |       |     1 ||     1
    Use: Potion            |     1 |     6 ||     7
 Armour: Animal skin       |    10 |    14 ||    24
         Skin              |    20 |     1 ||    21
  Dodge: Dodged            |    16 |    13 ||    29

Table legend: (Time is in decaauts)
 A = Elapsed time spent in this place.
 B = Non-inter-level travel time spent in this place.
 C = Inter-level travel time spent in this place.
 D = Time resting spent in this place.
 E = Time spent auto-exploring this place.
 F = Levels seen in this place.
 G = Mean time per level.
                   A        B        C        D        E       F      G
               +--------+--------+--------+--------+--------+-----+--------+
         Total |    127 |    127 |      0 |      6 |      0 |   1 |  127.0 |
       Dungeon |    127 |    127 |      0 |      6 |      0 |   1 |  127.0 |
               +--------+--------+--------+--------+--------+-----+--------+

Top non-repeatable levels by time:
       D: 127 daAuts
